 Dungeon Crawl Stone Soup version 0.20.0-8-g6b59dc7 (webtiles) character file.

56 MTVSty1e the Ruffian (level 3, -1/32 HPs)
             Began as a Naga Transmuter on June 2, 2017.
             Succumbed to a worker ant's poison
             ... on level 3 of the Dungeon.
             The game lasted 00:05:24 (2406 turns).

MTVSty1e the Ruffian (Naga Transmuter)              Turns: 2406, Time: 00:05:25

Health: -1/32      AC:  2    Str: 12    XL:     3   Next: 95%
Magic:  3/6        EV: 19    Int: 14    God:
Gold:   130        SH:  0    Dex: 16    Spells: 2/6 levels left

rFire    . . .     SeeInvis +     - Unarmed
rCold    . . .     Gourm    .   (shield currently unavailable)
rNeg     . . .     Faith    .   (armour currently unavailable)
rPois    x         Spirit   .   (helmet currently unavailable)
rElec    .         Reflect  .   (cloak currently unavailable)
rCorr    .         Harm     .   (gloves currently unavailable)
MR       .....                  (no barding)
Stlth    +.........             (no amulet)
Regen    0.1/turn               (no ring)
MPRegen  0.1/turn               (no ring)

@: lethally poisoned (-1 -> -16), spider-form
A: see invisible, slow metabolism 1, spit poison 1, AC +1
a: Spit Poison, End Transformation


You were on level 3 of the Dungeon.
You were not hungry.
You were a venomous arachnid creature.
You visited 1 branch of the dungeon, and saw 3 of its levels.

You collected 130 gold pieces.

Inventory:

Hand Weapons
 j - a +2 dagger of freezing
Missiles
 a - 12 arrows
Armour
 b - a +0 robe (melded)
Jewellery
 g - a +3 ring of strength {unknown}
Scrolls
 e - 2 scrolls of identify {unknown}
 h - a scroll of noise {unknown}
 i - a scroll of recharging {unknown}
 o - a scroll of teleportation {unknown}
Potions
 f - 3 potions of curing {unknown}
 k - a potion of agility {unknown}
 l - 2 potions of mutation {unknown}
 m - a potion of flight {unknown}
Books
 c - a book of Changes

   Spells                             Type                      Level
   a - Beastly Appendage              Transmutation                1
   b - Sticks to Snakes               Transmutation                2
   c - Spider Form                    Transmutation/Poison         3
   d - Ice Form                       Ice/Transmutation            4
   e - Blade Hands                    Transmutation                5
Comestibles
 d - 2 bread rations
 n - a royal jelly


   Skills:
 + Level 2.0 Fighting
 + Level 1.6 Dodging
 * Level 4.2 Unarmed Combat
 + Level 2.0 Spellcasting
 + Level 2.0 Transmutations


You had 2 spell levels left.
You knew the following spells:

 Your Spells              Type           Power        Failure   Level  Hunger
a - Beastly Appendage     Tmut           #.....       26%         1    ##.....
b - Spider Form           Tmut/Pois      #.........   65%         3    ####...


Dungeon Overview and Level Annotations

Branches:
Dungeon (3/15)

Altars:


Innate Abilities, Weirdness & Mutations

You cannot wear boots.
((Your serpentine skin is tough. (AC +1)))
You have supernaturally acute eyesight. (SInv)
((Armour fits poorly on your strangely shaped body.))
((Your system is resistant to poisons. (rPois)))
((You cover ground very slowly.))
You have a slow metabolism.
You can spit poison.


Message History

The worker ant bites you.
Casting: Beastly Appendage
Confirm with . or Enter, or press ? or * to list all spells.
Your horns disappear.
You turn into a venomous arachnid creature.
Your +0 robe melds into your body.
The worker ant barely misses you.
You bite the worker ant!
The worker ant is poisoned.
The worker ant is heavily wounded.
The worker ant bites you!
* * * LOW HITPOINT WARNING * * *
The worker ant completely misses you.
You completely miss the worker ant.
The worker ant is severely wounded.
The worker ant bites you.
* * * LOW HITPOINT WARNING * * *
You are lethally poisoned!
The worker ant poisons you!
You barely miss the worker ant.
The worker ant is almost dead.
You die...

#.....#.#..##
###.#.#.#...#
#.#.#.#.#.#
#.#.#.....#
#.#.####.##
#.#.# #.#
#.#.# #.#
#.#.####.#
....#has.#
#.#### .. ...
... .. .


You could see a worker ant and a jackal.

Vanquished Creatures
  An adder (D:2)
  An ooze (D:2)
  3 dart slugs
  A leopard gecko (D:1)
  4 bats
  3 goblins (D:2)
  4 hobgoblins
  3 jackals (D:2)
  3 frilled lizards
  6 kobolds
  7 rats
36 creatures vanquished.

Notes
Turn   | Place    | Note
-------+----------+-------------------------------------------
     0 | D:1      | MTVSty1e the Naga Transmuter began the quest for the Orb.
     0 | D:1      | Reached XP level 1. HP: 18/18 MP: 3/3
   285 | D:1      | Reached XP level 2. HP: 21/25 MP: 3/5
  1395 | D:2      | Reached XP level 3. HP: 24/31 MP: 4/6
  1400 | D:2      | Learned a level 3 spell: Spider Form
  1501 | D:2      | Reached skill level 4 in Unarmed Combat
  2405 | D:3      | HP: 1/32 [worker ant (6)]
  2406 | D:3      | Succumbed to a worker ant's poison

Skill      XL: |  1  2  3 |
---------------+----------+-----
Unarmed Combat | 4 |  4.2
Fighting       | 2 |  2.0
Dodging        | |  1.6
Spellcasting   | |  2.0
Transmutations | |  2.0

Action                   || total
-------------------------++-------
Melee: Unarmed           ||   110
       Headbutt          ||     6
       Punch             ||     1
 Cast: Beastly Appendage ||    27
       Spider Form       ||     1
 Stab: Sleeping          ||     2
  Eat: Meat ration       ||     1
Armor: Robe              ||    26
Dodge: Dodged            ||    44
